 Dungeon Crawl Stone Soup version 0.17.1-1-g73c8601 (webtiles) character file.

39 Runnr the Grave Robber (level 3, 0/24 HPs)
             Began as a Human Necromancer on Dec 27, 2015.
             Slain by a hobgoblin
             ... wielding a +0 club
              (3 damage)
             ... on level 1 of the Dungeon.
             The game lasted 00:04:19 (1357 turns).

Runnr the Grave Robber (Human Necromancer)          Turns: 1357, Time: 00:04:19

Health: 0/24       AC:  2    Str:  8    XL:     3   Next: 70%
Magic:  11/15      EV:  7    Int: 16    God:
Gold:   65         SH:  0    Dex: 13    Spells: 2 memorised, 4 levels left

rFire  . . .     SeeInvis .     s - +0 spear
rCold  . . .     Clarity  .     a - +0 robe
rNeg   . . .     SustAt   .     (no shield)
rPois  .         Gourm    .     (no helmet)
rElec  .         Spirit   .     (no cloak)
rCorr  .         Warding  .     (no gloves)
rMut   .         Stasis   .     (no boots)
MR     .....                    (no amulet)
Stlth  ++........               (no ring)
                                m - ring of magical power

@: not resistant to hostile enchantments, unstealthy
A: no striking features
a: no special abilities


You were on level 1 of the Dungeon.
You were not hungry.

You visited 1 branch of the dungeon, and saw 2 of its levels.

You collected 65 gold pieces.

Inventory:

Hand Weapons
 o - a +0 spear
 s - a +0 spear (weapon)
Armour
 a - a +0 robe (worn)
Jewellery
 m - a ring of magical power (left hand)
Scrolls
 d - a scroll of magic mapping {unknown}
 e - 2 scrolls of remove curse {unknown}
 g - a scroll of blinking {unknown}
 h - 2 scrolls of identify {unknown}
 j - a scroll of noise {unknown}
 l - 2 scrolls of amnesia {unknown}
 p - a scroll of enchant weapon {unknown}
 r - a scroll of fear {unknown}
Potions
 f - a potion of agility {unknown}
 i - a potion of magic {unknown}
 k - a potion of resistance {unknown}
Books
 b - a book of Necromancy

   Spells                             Type                      Level
   a - Pain                           Necromancy                   1
   b - Animate Skeleton               Necromancy                   1
   c - Vampiric Draining              Necromancy                   3
   d - Regeneration                   Charms/Necromancy            3
   e - Animate Dead                   Necromancy                   4
   f - Control Undead                 Necromancy                   4
Comestibles
 c - 2 bread rations
 q - 3 chunks of flesh


   Skills:
 + Level 2.0 Dodging
 + Level 2.0 Stealth
 + Level 2.4 Spellcasting
 + Level 4.8 Necromancy


You had 4 spell levels left.
You knew the following spells:

 Your Spells              Type           Power        Failure   Level  Hunger
a - Pain                  Necr           ###.         3%          1    #......
s - Animate Skeleton      Necr           N/A          3%          1    #......


Dungeon Overview and Level Annotations

Branches:
Dungeon (2/15)

Altars:
Fedhas


Message History

It was a potion of curing.
You feel better. The adder completely misses you.
The hobgoblin hits you with a club.
* * * LOW HITPOINT WARNING * * *
The adder bites you.
* * * LOW HITPOINT WARNING * * *
Drink which item? (? for menu, Esc to quit)
You feel better. The hobgoblin hits you with a club. The adder bites you.
* * * LOW HITPOINT WARNING * * *
Drink which item? (? for menu, Esc to quit)
You don't have any such object.
Drink which item? (? for menu, Esc to quit)
Huh?
Drink which item? (? for menu, Esc to quit)
Huh?
Drink which item? (? for menu, Esc to quit)
Okay, then.
The adder bites you.
* * * LOW HITPOINT WARNING * * *
The hobgoblin hits you with a club.
You die...

####### ########
......# #..)...#
>...#.# #.####.#
###.#.##########
#.# #.# #
#.#..........####.#
#.# #
#.#####......S@g..#
#.# ###.###
#.####.###### #.#
#.#...# #.# #.# #.#
...##.###.####.##
#Z#
....#...........#
#Z#
...######.####..#
#.## ....#...#.#
##.# #..#
...####.#.# #.#
##.# ....# #...#
#.# #.#


You could see an adder and a hobgoblin.

Vanquished Creatures
  An adder (D:2)
  A giant gecko (D:1)
  8 bats
  6 hobgoblins (D:1)
  5 kobolds (D:1)
  A giant newt (D:1)
  4 goblins (D:1)
  3 rats
29 creatures vanquished.

Vanquished Creatures (collateral kills)
  A bat (D:1)
  A giant cockroach (D:1)
  A kobold (D:1)
  A fungus (D:2)
4 creatures vanquished.

Grand Total: 33 creatures vanquished

Notes
Turn   | Place    | Note
--------------------------------------------------------------
     0 | D:1      | Runnr the Human Necromancer began the quest for the Orb.
     0 | D:1      | Reached XP level 1. HP: 13/13 MP: 3/3
   277 | D:1      | Learned a level 1 spell: Animate Skeleton
   348 | D:1      | Reached XP level 2. HP: 14/19 MP: 0/5
   766 | D:1      | Reached XP level 3. HP: 17/24 MP: 6/6
  1237 | D:2      | Found a blossoming altar of Fedhas.
  1357 | D:1      | Slain by a hobgoblin

Action                   || total
-------------------------++-------
Melee: Spear             ||     1
 Cast: Pain              ||    50
       Animate Skeleton  ||    16
  Use: Potion            ||     2
  Eat: Chunk             ||     2
